 Dungeon Crawl Stone Soup version 0.21-a0-401-g0b6bec4 (webtiles) character file.

55 SourSlime the Magician (level 4, -2/30 HPs)
             Began as a Human Wizard on Oct 22, 2017.
             Slain by a jackal (3 damage)
             ... on level 2 of the Dungeon.
             The game lasted 00:56:34 (3055 turns).

SourSlime the Magician (Human Wizard)               Turns: 3055, Time: 00:56:35

Health: -2/30      AC:  2    Str:  7    XL:     4   Next: 14%
Magic:  9/9        EV: 12    Int: 19    God:
Gold:   50         SH:  0    Dex: 12    Spells: 5/10 levels left

rFire    . . .     SeeInvis .   g - +0 short sword
rCold    . . .     Gourm    .   (no shield)
rNeg     . . .     Faith    .   a - +0 robe
rPois    .         Spirit   .   b - +0 hat
rElec    .         Reflect  .   (no cloak)
rCorr    .         Harm     .   (no gloves)
MR       .....                  (no boots)
Stlth    ++........             (no amulet)
HPRegen  0.10/turn              (no ring)
MPRegen  0.11/turn              (no ring)

@: no status effects
A: no striking features
a: no special abilities


You were on level 2 of the Dungeon.
You were very full.

You visited 1 branch of the dungeon, and saw 3 of its levels.

You collected 50 gold pieces.

Inventory:

Hand Weapons
 e - a +0 short sword
 g - a +0 short sword (weapon)
Missiles
 n - 37 stones (quivered)
Armour
 a - a +0 robe (worn)
 b - a +0 hat (worn)
Potions
 f - a potion of lignification
 o - 3 potions of flight
Books
 c - a book of Minor Magic

   Spells                             Type                      Level
   a - Magic Dart                     Conjuration                  1
   b - Blink                          Translocation                2
   c - Call Imp                       Summoning                    2
   d - Slow                           Hexes                        2
   e - Conjure Flame                  Conjuration/Fire             3
   f - Mephitic Cloud                 Conjuration/Poison/Air       3
Comestibles
 d - a bread ration


   Skills:
 + Level 0.6 Throwing
 + Level 2.4 Dodging
 + Level 2.5 Stealth
 + Level 3.5 Spellcasting
 + Level 1.8 Conjurations
 - Level 1.0 Summonings
 - Level 1.0 Translocations


You had 5 spell levels left.
You knew the following spells:

 Your Spells              Type           Power        Failure   Level  Hunger
a - Magic Dart            Conj           ##..         7%          1    None
b - Call Imp              Summ           #.......     14%         2    ##.....
c - Blink                 Tloc           N/A          14%         2    ##.....


Dungeon Overview and Level Annotations

Branches:
Dungeon (3/15)

Altars:

Annotations:
D:2 Sigmund, Terence


Message History

Level annotation: Sigmund Terence the Incautious comes into view.
He is wielding a falchion.
Terence moves out of view.
There is a stone staircase leading down here.
The jackal closely misses you.
Press: ? - help, v - describe, . - travel
Here: Terence, wielding a falchion and wearing a chain mail (hasn't noticed you)
The floor.
The jackal barely misses you.
The jackal bites you but does no damage.
The jackal closely misses you.
You closely miss the jackal. The jackal barely misses you.
The jackal bites you.
* * * LOW HITPOINT WARNING * * *
You barely miss the jackal. The jackal bites you.
* * * LOW HITPOINT WARNING * * *
You hit the jackal but do no damage. The jackal closely misses you.
The jackal barely misses you.
You closely miss the jackal. The jackal bites you.
You die...

..# #........#
#.#.##.#..## ###
#........#
#...##.#@...
#>.......#
#...##..@..#
#........#
#.......)#.#
#......#.#
#..>......)#
####......#.#
#.##.#.###..
#...........###.##.#.#
#.#
#######.#..........#.#
#.#
#..@h.@...####.###.#
#.######### #.....#
#.# ####### ###


You could see Sigmund and a jackal.

Vanquished Creatures
  An adder (D:3)
  2 oozes (D:1)
  A dart slug (D:1)
  A leopard gecko (D:2)
  8 bats
  2 giant cockroaches
  6 goblins
  2 hobgoblins
  A jackal (D:3)
  6 kobolds
  7 rats
37 creatures vanquished.

Notes
Turn   | Place    | Note
-------+----------+-------------------------------------------
     0 | D:1      | SourSlime the Human Wizard began the quest for the Orb.
     0 | D:1      | Reached XP level 1. HP: 13/13 MP: 4/4
   421 | D:1      | Reached XP level 2. HP: 19/19 MP: 1/6
   470 | D:1      | Learned a level 2 spell: Call Imp
   473 | D:1      | Learned a level 2 spell: Blink
  1461 | D:1      | Reached XP level 3. HP: 21/24 MP: 2/7
  2551 | D:2      | Noticed Sigmund
  2785 | D:3      | Reached XP level 4. HP: 6/30 MP: 5/9
  2999 | D:3      | HP: 1/30 [jackal (1)]
  3027 | D:3      | HP: 1/30 [jackal (2)]
  3042 | D:2      | Noticed Terence
  3053 | D:2      | HP: 1/30 [jackal (1)]
  3055 | D:2      | Slain by a jackal

Vault maps used:
D:1:      minmay_arrival_up_and_down
D:2:      first_bread, minmay_pentomino_s2, uniq_sigmund, uniq_jessica,
          uniq_robin, uniq_terence
D:3:      grunt_temple_overflow_order_and_chaos_1, makhleb_blood_cavern_becter

Action                   |  1- 3 |  4- 6 || total
-------------------------+-------+-------++-------
Melee: Unarmed           |     1 |       ||     1
       Club              |    39 |       ||    39
       Short sword       |    40 |    19 ||    59
 Cast: Magic Dart        |    80 |     3 ||    83
       Blink             |     2 |       ||     2
       Call Imp          |     1 |       ||     1
  Use: Scroll            |     5 |       ||     5
       Potion            |       |     1 ||     1
  Eat: Bread ration      |     1 |       ||     1
       Royal jelly       |     1 |       ||     1
       Meat ration       |     2 |       ||     2
Armor: Robe              |    20 |    11 ||    31
       Scale mail        |    42 |       ||    42
Dodge: Dodged            |    82 |    41 ||   123

Table legend:
 A = Spawn XP
 B = Non-spawn XP
 C = Spawn XP percentage of total XP
 D = Spawn monster count
 E = Non-spawn monster count
 F = Spawn count percentage of total count
 G = Total turns spent on level
                    A         B        C        D         E        F      G
               +---------+---------+-------+---------+---------+-------+---------
         Total |       0 |      79 |   0.0 |       0 |      37 |   0.0 |  3055
               +---------+---------+-------+---------+---------+-------+---------
           D:1 |       0 |      48 |   0.0 |       0 |      25 |   0.0 |  2070
           D:2 |       0 |      16 |   0.0 |       0 |      10 |   0.0 |   521
           D:3 |       0 |      15 |   0.0 |       0 |       2 |   0.0 |   464
               +---------+---------+-------+---------+---------+-------+---------
